 Dungeon Crawl Stone Soup version 0.23.2-33-g5129a83 (webtiles) character file.

Game seed: 14278986130593124827

2653 rageheart7 the Fighter (level 9, -1/77 HPs)
             Began as a Demonspawn Monk on July 29, 2019.
             Was a Priest of Trog.
             Killed from afar by an orc wizard (7 damage)
             ... with a magic dart
             ... on level 7 of the Dungeon.
             The game lasted 00:13:21 (7935 turns).

rageheart7 the Fighter (Demonspawn Monk)            Turns: 7935, Time: 00:13:22

Health: -1/77      AC:  9    Str: 13    XL:     9   Next: 36%
Magic:  0/9        EV:  7    Int: 12    God:    Trog [***...]
Gold:   268        SH:  7    Dex: 17    Spells: 8/8 levels left

rFire    . . .     SeeInvis .   x - +2 short sword (freeze)
rCold    . . .     Gourm    .   p - +0 shield
rNeg     . . .     Faith    .   k - +0 ring mail
rPois    .         Spirit   +   (no helmet)
rElec    .         Reflect  .   s - +0 cloak
rCorr    .         Harm     .   h - +0 pair of gloves
MR       .....                  (no boots)
Stlth    +.........             (no amulet)
HPRegen  0.22/turn              (no ring)
MPRegen  0.22/turn              (no ring)

@: hasted, very heavily drained, very quick
A: slimy green scales 1, magic shield, magic regeneration
a: Berserk, Trog's Hand, Renounce Religion


You were on level 7 of the Dungeon.
You worshipped Trog.
Trog was most pleased with you.
You were very hungry.

You visited 1 branch of the dungeon, and saw 7 of its levels.

You collected 268 gold pieces.

Inventory:

Hand Weapons
 o - a +4 dagger of venom
 x - a +2 short sword of freezing (weapon)
Armour
 h - a +0 pair of gloves (worn)
 k - a +0 ring mail (worn)
 p - a +0 shield (worn)
 s - a +0 cloak (worn)
Wands
 i - a wand of paralysis (6)
 j - a wand of enslavement (8)
 r - a wand of disintegration (10)
Scrolls
 d - 2 scrolls of teleportation
 e - 2 scrolls of enchant armour
 m - 4 scrolls of amnesia
 n - a scroll of identify
 u - a scroll of magic mapping
 y - a scroll of remove curse
Potions
 a - 2 potions of brilliance
 b - 2 potions of haste
 f - 2 potions of flight
 q - a potion of resistance
 t - a potion of agility
Comestibles
 c - 9 rations


   Skills:
 * Level 9.5(5.9) Fighting
   Level 7.8(4.4) Long Blades
 * Level 3.9(0.9) Armour
 - Level 2.6(0.0) Dodging
 - Level 1.7(0.0) Stealth


You had 8 spell levels left.
You didn't know any spells.
Your spell library was empty.

Dungeon Overview and Level Annotations

Branches:
Dungeon (7/15)
 Temple: D:4-7

Altars:
Elyvilon
Gozag
Kikubaaqudgha
Makhleb
Qazlal
Ru
Trog
Wu Jian
Xom
Zin
The Shining One

Shops:
D:4 }


Innate Abilities, Weirdness & Mutations

You are partially covered in slimy green scales. (AC +2)
When hurt, damage is shared between your health and your magic reserves.
You regenerate magic rapidly.


Message History

* * * LOW HITPOINT WARNING * * *
The phantom hits you.
* * * LOW HITPOINT WARNING * * *
As you read the scroll of teleportation, it crumbles to dust.
You feel strangely unstable. The wight barely misses you.
The phantom hits you but does no damage.
You hit the phantom.
The phantom is moderately damaged.
The phantom blinks!
The wight hits you but does no damage.
Your surroundings suddenly seem different.
The orc warrior shouts!
The orc wizard shouts!
The orc shouts!
Found 5 bolts.
The orc warrior hits you with a +0 dire flail of draining!
* * * LOW HITPOINT WARNING * * *
You feel drained.
* * * LOW HITPOINT WARNING * * *
You feel yourself speed up.
The orc wizard gestures at you while chanting.
The magic dart hits you!
You die...

## ..### ... .. #
#.########## ..#
#. #..o@.......
#.#
##..##.o###.####.
.!# .......o# #
..# +###......#
..# .# #.(....#
..###.###......#
#...Wo....#..###
#o###.#####.. #.#
.# #..


You could see an orc warrior and an orc wizard.

Vanquished Creatures
  A troll (D:5)
  Grinder (D:6)
  A hippogriff (D:7)
  A vampire (D:5)
  Sigmund (D:3)
  Menkaure (D:6)
  Edmund (D:5)
  Duvessa (D:6)
  An ice beast (D:5)
  3 ogres
  2 centaurs
  Dowan (D:6)
  A scorpion (D:6)
  A howler monkey (D:4)
  A crimson imp (D:5)
  A bullfrog zombie (D:6)
  A jelly (D:7)
  A quasit (D:6)
  An orc priest (D:5)
  3 hounds
  2 bullfrog skeletons (D:6)
  Crazy Yiuf (D:3)
  6 orc wizards
  A centaur skeleton (D:4)
  2 worker ants
  A worker ant zombie (D:5)
  8 adders
  3 oozes
  An adder skeleton (D:4)
  2 worms
  A dart slug (D:1)
  A leopard gecko (D:2)
  18 orcs
  4 ball pythons
  2 giant cockroaches
  10 goblins
  5 hobgoblins
  9 jackals
  7 kobolds
  2 quokkas
  5 bats
  A frilled lizard (D:2)
  A jackal skeleton (D:6)
  7 rats
125 creatures vanquished.

Notes
Turn   | Place    | Note
-------+----------+-------------------------------------------
     0 | D:1      | rageheart7 the Demonspawn Monk began the quest for the Orb.
     0 | D:1      | Reached XP level 1. HP: 18/18 MP: 1/1
   281 | D:1      | Gained mutation: When hurt, damage is shared between your
                  | health and your magic reserves. [demonic ancestry]
   281 | D:1      | Reached XP level 2. HP: 21/24 MP: 2/2
   890 | D:1      | Gained mutation: You regenerate magic rapidly. [demonic
                  | ancestry]
   890 | D:1      | Reached XP level 3. HP: 29/29 MP: 3/3
   991 | D:2      | Found a bloodstained altar of Trog.
  1002 | D:2      | Became a worshipper of Trog the Wrathful
  1002 | D:2      | Reached * piety under Trog
  1002 | D:2      | Reached ** piety under Trog
  1626 | D:2      | Reached XP level 4. HP: 28/37 MP: 1/4
  2658 | D:3      | Reached skill level 4 in Fighting
  3056 | D:3      | Found a runed translucent door.
  3057 | D:3      | Noticed Crazy Yiuf
  3124 | D:3      | Noticed Sigmund
  3144 | D:3      | Killed Sigmund
  3144 | D:3      | Reached skill level 5 in Long Blades
  3144 | D:3      | Reached XP level 5. HP: 39/43 MP: 3/5
  3144 | D:3      | Reached XP level 6. HP: 46/50 MP: 3/6
  3527 | D:3      | Killed Crazy Yiuf
  3527 | D:3      | Reached skill level 5 in Fighting
  3669 | D:4      | Found a white marble altar of Elyvilon.
  3710 | D:4      | Found Plog's Gadget Shop.
  4014 | D:4      | Reached XP level 7. HP: 54/56 MP: 7/7
  4227 | D:4      | Found an opulent altar of Gozag.
  4229 | D:4      | Found a hazy altar of Hepliaklqana.
  4229 | D:4      | Found a shimmering altar of Xom.
  4231 | D:4      | Found a glowing golden altar of the Shining One.
  4231 | D:4      | Found a glowing silver altar of Zin.
  4231 | D:4      | Found a glowing silver altar of Zin.
  4519 | D:5      | Entered Level 5 of the Dungeon
  4558 | D:5      | Reached *** piety under Trog
  4693 | D:5      | Noticed a troll
  4706 | D:5      | Killed a troll
  4706 | D:5      | Reached skill level 6 in Fighting
  5222 | D:5      | Reached XP level 8. HP: 43/65 MP: 6/8
  5271 | D:5      | Found a stormy altar of Qazlal.
  5572 | D:6      | Noticed Menkaure
  5572 | D:6      | Noticed Edmund
  5579 | D:6      | Noticed Dowan
  5583 | D:6      | Noticed Duvessa
  5602 | D:5      | Killed Edmund
  5602 | D:5      | Reached skill level 7 in Fighting
  6115 | D:6      | Killed Duvessa
  6129 | D:6      | Killed Dowan
  6467 | D:6      | Reached skill level 8 in Fighting
  6495 | D:6      | Noticed Grinder
  6502 | D:6      | Killed Menkaure
  6502 | D:6      | Reached skill level 1 in Armour
  6515 | D:6      | Killed Grinder
  6552 | D:6      | Found an ornate altar of the Wu Jian Council.
  6612 | D:6      | HP: 1/69 [something (4)]
  7019 | D:5      | Gained mutation: You are partially covered in slimy green
                  | scales. (AC +2) [demonic ancestry]
  7019 | D:5      | Reached XP level 9. HP: 75/75 MP: 7/9
  7091 | D:6      | Reached skill level 9 in Fighting
  7095 | D:6      | Found an opulent altar of Gozag.
  7403 | D:6      | Found an ancient bone altar of Kikubaaqudgha.
  7403 | D:6      | Found a glowing silver altar of Zin.
  7408 | D:6      | Found a burning altar of Makhleb.
  7551 | D:6      | Found a sacrificial altar of Ru.
  7935 | D:7      | Killed from afar by an orc wizard

Skill      XL: |  1  2  3  4  5  6  7  8  9 |
---------------+----------------------------+-----
Long Blades    | 3 5 7 |  7.8
Fighting       | 4 5 6 8 9 |  9.5
Armour         | 2 3 |  3.9
Dodging        | |  2.6
Stealth        | |  1.7

Action                   |  1- 3 |  4- 6 |  7- 9 || total
-------------------------+-------+-------+-------++-------
Melee: Falchion          |   128 |       |       ||   128
       Dagger            |       |   139 |   163 ||   302
       Short sword       |       |       |   193 ||   193
Invok: Berserk           |     2 |     1 |     8 ||    11
       Trog's Hand       |       |     1 |     4 ||     5
  Use: Scroll            |     5 |    13 |     8 ||    26
       Potion            |       |     1 |     9 ||    10
 Stab: Sleeping          |     4 |     1 |       ||     5
       Invisible         |       |       |     1 ||     1
       Distracted        |       |       |     1 ||     1
  Eat: Chunk             |     3 |    10 |    11 ||    24
       Ration            |       |       |     3 ||     3
Armor: Robe              |    17 |       |       ||    17
       Ring mail         |    17 |    35 |   143 ||   195
       Skin              |       |       |    33 ||    33
Dodge: Dodged            |    85 |    38 |   108 ||   231
Block: Shield            |     8 |    47 |   103 ||   158
       Rpst.: Falchion   |    27 |       |       ||    27
